 Dungeon Crawl Stone Soup version 0.21.1-1-g345015f (webtiles) character file.

138432 nicolaieve the Executioner (level 16, -4/151 HPs)
             Began as a Minotaur Berserker on July 20, 2018.
             Was a High Priest of Trog.
             Slain by the 27-headed Lernaean hydra (7 damage)
             ... on level 4 of the Swamp.
             The game lasted 02:08:36 (21508 turns).

nicolaieve the Executioner (Minotaur Berserker)    Turns: 21508, Time: 02:08:37

Health: -4/151     AC: 26    Str: 34    XL:     16   Next: 71%
Magic:  17/17      EV: 21    Int:  4    God:    Trog [*****.]
Gold:   2936       SH:  0    Dex: 15    Spells: 15/15 levels left

rFire    . . .     SeeInvis +   X - +6 battleaxe "Wuyrgh" {flame, Str+5}
rCold    . . .     Gourm    .   (shield currently unavailable)
rNeg     . . .     Faith    .   Q - +0 plate armour
rPois    .         Spirit   .   (helmet restricted)
rElec    +         Reflect  .   x - +1 cloak {MR+}
rCorr    .         Harm     .   O - +0 pair of gloves
MR       ++++.     NoTele   +   I - +3 pair of boots of Gozag {-Tele rElec Dex+5 SInv}
Stlth    ..........             j - amulet of regeneration
HPRegen  1.75/turn              U - +5 ring of evasion
MPRegen  0.15/turn              (no ring)

@: berserk cooldown, regenerating, slowed, very slow
A: retaliatory headbutt, horns 2
a: Berserk, Trog's Hand, Brothers in Arms, Burn Spellbooks, Renounce Religion


You were on level 4 of the Swamp.
You worshipped Trog.
Trog was extremely pleased with you.
You were very hungry.

You visited 4 branches of the dungeon, and saw 25 of its levels.
You also visited: Labyrinth.

You collected 3255 gold pieces.
You spent 319 gold pieces at shops.

Inventory:

Hand Weapons
 a - a +1 whip of draining
 L - the +4 battleaxe "Syiptakh" {venom, *Slow rElec rPois MR++}
   (You found it on level 6 of the Lair of Beasts)

   It poisons the flesh of those it strikes.
   It insulates you from electricity.
   It protects you from poison.
   It affects your resistance to hostile enchantments.
   It may slow you when you take damage.
 N - a +5 antimagic executioner's axe
 X - the +6 battleaxe "Wuyrgh" (weapon) {flame, Str+5}
   (Trog gifted it to you on level 4 of the Swamp)

   It has been specially enchanted to burn those struck by it, causing extra
   injury to most foes and up to half again as much damage against particularly
   susceptible opponents.
   Big, fiery blades are also staple armaments of hydra-hunters.
   It affects your strength (+5).
Armour
 x - a +1 cloak of magic resistance (worn)
 E - a +1 pair of boots of running
 I - the +3 pair of boots of Gozag (worn) {-Tele rElec Dex+5 SInv}
   (You found it on level 1 of the Swamp)

   It affects your dexterity (+5).
   It insulates you from electricity.
   It lets you see invisible.
   It prevents most forms of teleportation.
 O - a +0 pair of gloves (worn)
 Q - a +0 plate armour (worn)
Jewellery
 j - an amulet of regeneration (around neck)
 z - an uncursed ring of positive energy
 P - a +2 ring of protection
 U - a +5 ring of evasion (left hand)
Wands
 n - a wand of acid (12)
 A - a wand of paralysis (5)
 D - a wand of flame (128)
 J - a wand of disintegration (17)
 R - a wand of digging (12)
 S - a wand of iceblast (25)
 W - a wand of enslavement (34)
Scrolls
 f - 2 scrolls of enchant weapon
 g - 5 scrolls of immolation {unknown}
 i - 5 scrolls of amnesia {unknown}
 m - 3 scrolls of magic mapping
 o - a scroll of holy word
 q - 7 scrolls of remove curse
 t - 5 scrolls of random uselessness {unknown}
 v - 6 scrolls of enchant armour {unknown}
 y - a scroll of silence
 C - 8 scrolls of teleportation
 F - a scroll of torment
 H - a scroll of summoning
 Z - 2 scrolls of blinking
Potions
 b - a potion of ambrosia {unknown}
 d - 3 potions of haste
 e - a potion of invisibility {unknown}
 k - 5 potions of curing
 p - 8 potions of mutation
 s - 3 potions of agility
 u - a potion of lignification
 w - a potion of magic
 B - 3 potions of might
 G - a potion of cancellation {unknown}
 M - 3 potions of flight
 V - 2 potions of resistance
Comestibles
 c - 41 rations
 K - 2 chunks of flesh


   Skills:
 + Level 15.8 Fighting
 + Level 23.2 Axes
 * Level 15.6 Armour
 * Level 11.4 Dodging
 - Level 3.5 Evocations


You had 15 spell levels left.
You didn't know any spells.

Dungeon Overview and Level Annotations

Branches:
Dungeon (13/15)            Temple (0/1) D:7            Lair (6/6) D:11
  Swamp (4/4) Lair:3        Snake (0/4) Lair:3        Slime (0/5) Lair:6
    Orc (2/2) D:9             Elf (0/3) Orc:2        Vaults (0/5) D:13

Altars:
Ashenzari
Cheibriados
Fedhas
Hepliaklqana
Kikubaaqudgha
Okawaru
Qazlal
Sif Muna
Trog
Vehumet
Wu Jian
Yredelemnul
Zin
The Shining One

Shops:
Orc:2 *(:[

Annotations:
Swamp:4 Lernaean hydra


Innate Abilities, Weirdness & Mutations

You reflexively headbutt those who attack you in melee.
You have a pair of horns on your head.


Message History

Keep disrobing?
The 27-headed Lernaean hydra bites you but does no damage.
The 27-headed Lernaean hydra bites you!
* * * LOW HITPOINT WARNING * * *
The 27-headed Lernaean hydra bites you but does no damage. x2
The 27-headed Lernaean hydra misses you.
The 27-headed Lernaean hydra bites you.
* * * LOW HITPOINT WARNING * * *
The 27-headed Lernaean hydra completely misses you. x2
The 27-headed Lernaean hydra bites you but does no damage.
The 27-headed Lernaean hydra bites you!
* * * LOW HITPOINT WARNING * * *
The 27-headed Lernaean hydra bites you but does no damage. x3
The 27-headed Lernaean hydra completely misses you.
The 27-headed Lernaean hydra bites you but does no damage. x6
The 27-headed Lernaean hydra bites you.
* * * LOW HITPOINT WARNING * * *
The 27-headed Lernaean hydra bites you but does no damage. x3
The 27-headed Lernaean hydra bites you!
You die...

#.♣♣≈..≈)..≈......♣♣♣♣≈.
..≈.≈≈..(≈...#....♣ ♣♣≈
♣.≈≈≈♣≈.!...≈≈≈..♣♣♣♣♣♣♣
.[.≈♣♣♣=.♣♣♣.♣..♣♣♣♣.≈♣♣
≈#≈♣♣....≈♣♣♣♣♣#♣≈.≈≈≈.≈
≈≈♣♣.#...≈♣♣ ♣.≈≈≈≈.≈ ♣
♣.≈#..≈#.♣ ♣≈≈≈≈.♣(
♣≈###.≈#≈♣ ♣♣...♣♣♣
#####@###. ♣♣..≈..
#[D†##≈♣ ♣♣♣♣♣♣♣≈≈ #
##≈≈.≈#♣♣ ♣§≈≈≈♣♣.≈
≈≈≈##≈≈..≈# ♣.≈§♣♣♣♣.
≈≈≈≈≈≈≈≈#≈# ♣♣♣♣§≈♣♣♣≈≈
..≈≈≈≈≈≈.#≈# ♣≈≈≈.≈§♣♣≈≈
..##≈≈≈.≈#≈# ♣♣≈≈≈≈≈≈≈.≈
≈≈....≈.≈≈## ♣♣♣≈≈≈≈≈..
≈≈##≈≈≈.≈≈# ♣♣≈≈≈§≈≈≈≈≈


You could see the 27-headed Lernaean hydra.

Vanquished Creatures
  Nikola (Swamp:1)
  Frances (Swamp:1)
  A thorn hunter (Swamp:1)
  The ghost of sipior the Warrior, an adept GrFi of Makhleb (Swamp:1)
  Kirke (Swamp:3)
  A frost giant (Orc:1)
  The ghost of eccles the Sharpshooter, a journeyman CeHu of Okawaru (Lair:4)
  3 ettins
  A minotaur (Lab)
  An ogre mage (Orc:1)
  21 hydras
  4 vault guards (D:13)
  An ice dragon (Lair:6)
  A catoblepas (Lair:3)
  Fannar (Lair:2)
  2 ghost crabs (Swamp:1)
  7 two-headed ogres
  8 alligators
  9 death yaks
  4 orc high priests (Orc:2)
  5 skeletal warriors (D:13)
  The ghost of Ethylacetat the Cleaver, a novice DsGl of Okawaru (D:8)
  A spriggan druid (Swamp:4)
  8 swamp dragons
  Pikel (D:4)
  2 shambling mangroves
  A wolf spider zombie (D:13)
  3 manticores
  2 orc sorcerers (Orc:2)
  2 lindwurms (Lair:6)
  5 ugly things
  13 cyclopes (Orc:1)
  6 elephants (Lair:6)
  2 black mambas
  18 spiny frogs
  8 torpor snails
  A rime drake (Lair:5)
  2 kobold demonologists
  2 efreet (D:13)
  7 komodo dragons
  3 trolls
  10 polar bears
  13 tyrant leeches
  14 hornets
  3 raiju (Lair:6)
  3 bog bodies
  19 blink frogs
  18 slime creatures
  4 hippogriffs
  7 shadows
  The ghost of wilfster70 the Ruffian, an amateur TrMo of Uskayaw (D:4)
  2 spriggans
  3 wyverns
  Eustachio (D:5)
  A vampire (D:11)
  38 yaks
  A human (D:7)
  2 wraiths
  Grum (D:9)
  4 basilisks
  7 hogs
  5 hungry ghosts
  Menkaure (D:5)
  2 nagas (Lair:3)
  5 vampire mosquitoes (Lair:2)
  Edmund (D:5)
  15 swamp worms
  11 wargs
  An acid dragon (D:13)
  8 insubstantial wisps
  2 soldier ants (D:13)
  5 porcupines
  2 two-headed ogre zombies (D:9)
  8 water moccasins
  14 hell hounds (Lair:6)
  21 orc warriors
  12 swamp drakes
  11 black bears (Lair:6)
  A hornet zombie (D:11)
  3 ice beasts
  4 phantoms
  A slave (D:4)
  2 eyes of draining
  5 necrophages (D:13)
  13 ogres
  22 wolves
  5 centaurs
  12 crocodiles
  3 big kobolds
  14 bullfrogs
  A gnoll sergeant (D:7)
  6 scorpions
  3 troll zombies (D:9)
  9 killer bees
  10 wights
  7 howler monkeys
  An electric eel (Lair:2)
  3 bullfrog zombies
  6 crimson imps
  3 centaur zombies
  A lava snake (Lair:6)
  2 quasits
  9 hounds
  28 orc priests
  Crazy Yiuf (D:7)
  A gnoll shaman (D:4)
  3 jellies
  6 centaur skeletons
  Jessica (D:3)
  2 bullfrog skeletons
  Ijyb (D:5)
  8 worker ants
  31 orc wizards
  3 ogre zombies (D:9)
  A hound zombie (D:8)
  2 hound skeletons (D:7)
  A worker ant zombie (D:7)
  8 adders
  18 gnolls
  2 shadow imps
  2 oozes
  2 adder skeletons
  4 dart slugs
  7 worms
  A leopard gecko (D:3)
  88 orcs
  3 bats
  A bat zombie (D:9)
  6 giant cockroaches
  15 goblins
  7 hobgoblins
  12 jackals
  4 quokkas
  3 ball pythons
  7 frilled lizards
  A goblin zombie (D:9)
  5 hobgoblin zombies (D:9)
  22 kobolds
  4 orc skeletons (D:9)
  15 orc zombies (D:9)
  A quokka skeleton (D:5)
  A quokka zombie (D:5)
  10 rats
  A rat zombie (D:9)
  7 bushes (D:13)
  4 fungi
  7 plants
942 creatures vanquished.

Vanquished Creatures (others)
  A slime creature (Swamp:1)
  A slave (D:4)
  A gnoll (D:4)
  An orc (D:4)
  2 kobolds (D:13)
  6 fungi
  19 plants
31 creatures vanquished.

Grand Total: 973 creatures vanquished

Notes
Turn   | Place    | Note
-------+----------+-------------------------------------------
     0 | D:1      | nicolaieve the Minotaur Berserker began the quest for the Orb.
     0 | D:1      | Reached XP level 1. HP: 19/19 MP: 0/0
    49 | D:1      | Reached skill level 4 in Axes
   155 | D:1      | Reached XP level 2. HP: 22/26 MP: 1/1
   309 | D:1      | Reached skill level 5 in Axes
   778 | D:1      | Reached XP level 3. HP: 31/31 MP: 2/2
  1002 | D:2      | Reached ** piety under Trog
  1163 | D:2      | Reached XP level 4. HP: 39/39 MP: 3/3
  1179 | D:2      | Found an ornate altar of the Wu Jian Council.
  1179 | D:2      | Found a snail-covered altar of Cheibriados.
  1245 | D:2      | Reached skill level 6 in Axes
  1493 | D:3      | Noticed Jessica
  1502 | D:3      | Killed Jessica
  1502 | D:3      | Reached XP level 5. HP: 45/45 MP: 4/4
  1503 | D:3      | Reached skill level 7 in Axes
  1620 | D:3      | Found a shattered altar of Ashenzari.
  1714 | D:3      | Found an iron altar of Okawaru.
  1731 | D:3      | Found a glowing golden altar of the Shining One.
  1740 | D:3      | Reached *** piety under Trog
  1829 | D:3      | Noticed a moth of wrath
  1831 | D:3      | Found a bloodstained altar of Trog.
  1979 | D:3      | Reached skill level 8 in Axes
  2068 | D:4      | Noticed a slave
  2068 | D:4      | Noticed Pikel
  2069 | D:4      | Noticed a slave
  2069 | D:4      | Noticed a slave
  2070 | D:4      | Noticed a slave
  2076 | D:4      | Killed Pikel
  2076 | D:4      | Reached skill level 10 in Axes
  2076 | D:4      | Reached XP level 6. HP: 51/51 MP: 5/5
  2076 | D:4      | Reached XP level 7. HP: 57/57 MP: 6/6
  2183 | D:4      | Reached skill level 11 in Axes
  2261 | D:4      | Reached XP level 8. HP: 36/64 MP: 7/7
  2407 | D:4      | Found a hazy altar of Hepliaklqana.
  2540 | D:5      | Entered Level 5 of the Dungeon
  2580 | D:5      | Reached skill level 12 in Axes
  2637 | D:5      | Reached **** piety under Trog
  2648 | D:5      | Noticed Eustachio
  2655 | D:5      | Killed Eustachio
  2683 | D:5      | Noticed Ijyb
  2684 | D:5      | Paralysed by Ijyb for 2 turns
  2693 | D:5      | Killed Ijyb
  2747 | D:5      | Reached skill level 13 in Axes
  2831 | D:5      | Noticed Menkaure
  2833 | D:5      | Noticed Edmund
  2840 | D:5      | Killed Edmund
  2842 | D:5      | Killed Menkaure
  2930 | D:5      | Reached XP level 9. HP: 70/70 MP: 8/8
  3116 | D:5      | Found a glowing silver altar of Zin.
  3263 | D:5      | Reached skill level 14 in Axes
  3308 | D:5      | Reached ***** piety under Trog
  3705 | D:6      | Received a gift from Trog
  3901 | D:6      | Reached skill level 15 in Axes
  4264 | D:7      | Reached skill level 16 in Axes
  4284 | D:7      | You fall through a shaft for 3 floors!
  4284 | D:10     | Entered Level 10 of the Dungeon
  4516 | D:10     | Reached XP level 10. HP: 48/77 MP: 9/9
  4945 | D:11     | Noticed a manticore
  4957 | D:11     | Killed a manticore
  4957 | D:11     | Reached skill level 17 in Axes
  5157 | D:9      | Found a staircase to the Orcish Mines.
  5160 | D:9      | Received a gift from Trog
  5188 | D:9      | Paralysed by fainting for 6 turns
  5213 | D:9      | HP: 1/77 [two-headed ogre zombie (3)]
  5433 | D:9      | Found a basalt altar of Yredelemnul.
  5439 | D:9      | Found a radiant altar of Vehumet.
  5445 | D:9      | Found a stormy altar of Qazlal.
  5493 | D:9      | Received a gift from Trog
  5502 | D:9      | Reached skill level 18 in Axes
  5603 | D:9      | Found a deep blue altar of Sif Muna.
  5679 | D:9      | Found an ancient bone altar of Kikubaaqudgha.
  5700 | D:9      | Received a gift from Trog
  5796 | D:9      | Noticed Grum
  5805 | D:9      | Killed Grum
  5831 | D:9      | Noticed a two-headed ogre
  5851 | D:9      | Killed a two-headed ogre
  5851 | D:9      | Reached XP level 11. HP: 19/85 MP: 10/10
  5999 | D:9      | Reached skill level 5 in Fighting
  6100 | D:8      | Reached skill level 5 in Armour
  6200 | D:8      | Noticed a two-headed ogre
  6208 | D:8      | Killed a two-headed ogre
  6249 | D:8      | Noticed a two-headed ogre
  6257 | D:8      | Killed a two-headed ogre
  6571 | D:8      | Noticed Ethylacetat's ghost (novice DsGl)
  6580 | D:8      | Killed Ethylacetat's ghost
  6665 | D:7      | Received a gift from Trog
  6874 | D:7      | Found a staircase to the Ecumenical Temple.
  6997 | D:7      | Reached ****** piety under Trog
  7100 | D:7      | Found a runed door.
  7216 | D:7      | Noticed Crazy Yiuf
  7219 | D:7      | Killed Crazy Yiuf
  7480 | D:11     | Noticed a brown ugly thing
  7488 | D:11     | Killed a brown ugly thing
  7493 | D:11     | Noticed a six-headed hydra
  7504 | D:11     | Killed a six-headed hydra
  7537 | D:11     | Found a staircase to the Lair.
  7852 | D:11     | Reached skill level 19 in Axes
  8041 | Lair:1   | Entered Level 1 of the Lair of Beasts
  8117 | Lair:1   | Noticed a four-headed hydra
  8127 | Lair:1   | Killed a four-headed hydra
  8310 | Lair:1   | Reached XP level 12. HP: 95/103 MP: 11/11
  9143 | Lair:2   | Noticed Fannar
  9152 | Lair:2   | Killed Fannar
  9426 | Lair:2   | Reached skill level 10 in Fighting
  9792 | Lair:3   | Noticed a catoblepas
  9806 | Lair:3   | Killed a catoblepas
  9857 | Lair:3   | Found a staircase to the Snake Pit.
  9889 | Lair:3   | Received a gift from Trog
  9889 | Lair:3   | Reached skill level 10 in Armour
 10094 | Lair:3   | Found a runed door.
 10097 | Lair:3   | Noticed a four-headed hydra
 10106 | Lair:3   | Killed a four-headed hydra
 10188 | Lair:3   | Noticed a death yak
 10190 | Lair:3   | Noticed a death yak
 10191 | Lair:3   | Noticed a death yak
 10191 | Lair:3   | Noticed a death yak
 10199 | Lair:3   | Killed a death yak
 10200 | Lair:3   | Killed a death yak
 10201 | Lair:3   | Killed a death yak
 10201 | Lair:3   | Reached XP level 13. HP: 93/116 MP: 12/12
 10225 | Lair:3   | Found a staircase to the Swamp.
 10227 | Lair:3   | Found the +10 dark maul {crush}
 10564 | Lair:4   | Noticed eccles's ghost (journeyman CeHu)
 10678 | Lair:4   | Found a labyrinth entrance.
 10713 | Lab      | Entered a labyrinth
 11249 | Lab      | Noticed a minotaur
 11257 | Lab      | Killed a minotaur
 11275 | Lair:4   | Reached skill level 20 in Axes
 11343 | Lair:4   | Killed eccles's ghost
 11354 | Lair:4   | Received a gift from Trog
 12299 | Lair:5   | Reached skill level 5 in Dodging
 13206 | Lair:6   | Entered Level 6 of the Lair of Beasts
 13246 | Lair:6   | Reached skill level 21 in Axes
 13261 | Lair:6   | Reached XP level 14. HP: 126/126 MP: 13/13
 13297 | Lair:6   | Received a gift from Trog
 13456 | Lair:6   | Found a staircase to the Slime Pits.
 13738 | Lair:6   | Found a runed door.
 14140 | Lair:6   | Reached skill level 22 in Axes
 14141 | Lair:6   | Received a gift from Trog
 14390 | Lair:6   | Got a scorched battleaxe
 14398 | Lair:6   | Identified the +4 battleaxe "Syiptakh" {venom, *Slow rElec rPois MR++} (You found it on level 6 of the Lair of Beasts)
 14906 | Orc:1    | Entered Level 1 of the Orcish Mines
 14966 | Orc:1    | Reached skill level 1 in Evocations
 15461 | Orc:1    | Noticed a frost giant
 15477 | Orc:1    | Reached XP level 15. HP: 93/135 MP: 14/16
 15477 | Orc:1    | Killed a frost giant
 15562 | Orc:1    | Found the +2 shield of Resistance {rF+ rC+ MR+}
 15579 | Orc:1    | Identified a +1 pair of boots of running (You found it on level 1 of the Orcish Mines)
 15820 | Orc:2    | Entered Level 2 of the Orcish Mines
 15820 | Orc:2    | Found a staircase to the Elven Halls.
 16284 | Orc:2    | Received a gift from Trog
 16432 | Orc:2    | Found Turagihat's Armour Shoppe.
 16432 | Orc:2    | Found Ahalytsot's Book Shoppe.
 16433 | Orc:2    | Found Tiutawny's Assorted Antiques.
 16440 | Orc:2    | Found Daphurhitu's Antique Weapon Emporium.
 16463 | Orc:2    | Bought 3 scrolls of identify for 174 gold pieces
 16463 | Orc:2    | Bought a potion of heal wounds for 145 gold pieces
 16830 | D:4      | Noticed wilfster70's ghost (amateur TrMo)
 16837 | D:4      | Killed wilfster70's ghost
 17998 | D:13     | Found a blossoming altar of Fedhas.
 18062 | D:13     | Received a gift from Trog
 18078 | D:13     | Reached skill level 10 in Dodging
 18086 | D:13     | Found a gate to the Vaults.
 18746 | Swamp:1  | Entered Level 1 of the Swamp
 18876 | Swamp:1  | Noticed sipior's ghost (adept GrFi)
 18903 | Swamp:1  | Killed sipior's ghost
 18977 | Swamp:1  | Noticed a thorn hunter
 18988 | Swamp:1  | Killed a thorn hunter
 19004 | Swamp:1  | Noticed Frances
 19012 | Swamp:1  | Killed Frances
 19105 | Swamp:1  | Reached XP level 16. HP: 147/147 MP: 17/17
 19305 | Swamp:1  | Received a gift from Trog
 19350 | Swamp:1  | Got a pair of steaming boots
 19361 | Swamp:1  | Identified the +3 pair of boots of Gozag {-Tele rElec Dex+5 SInv} (You found it on level 1 of the Swamp)
 19378 | Swamp:1  | Noticed Nikola
 19385 | Swamp:1  | Killed Nikola
 19388 | Swamp:1  | Reached skill level 15 in Fighting
 20283 | Swamp:3  | Noticed Kirke
 20297 | Swamp:3  | Killed Kirke
 20347 | Swamp:3  | Reached skill level 23 in Axes
 20422 | Swamp:3  | Reached skill level 15 in Armour
 20933 | Swamp:4  | Entered Level 4 of the Swamp
 21116 | Swamp:4  | Received a gift from Trog
 21120 | Swamp:4  | Got a transparent battleaxe {god gift}
 21121 | Swamp:4  | Identified the +6 battleaxe "Wuyrgh" {flame, Str+5} (Trog gifted it to you on level 4 of the Swamp)
 21507 | Swamp:4  | Noticed the 27-headed Lernaean hydra
 21508 | Swamp:4  | HP: 6/151 [the 27-headed Lernaean hydra (9)]
 21508 | Swamp:4  | Slain by the 27-headed Lernaean hydra

Skill      XL: |  1  2  3  4  5  6  7  8  9 10 11 12 13 14 15 16 |
---------------+-------------------------------------------------+-----
Axes           | 4 5 6 10 11 13 16 18 19 21 22 23 | 23.2
Fighting       | 4 8 11 12 13 14 15 | 15.8
Armour         | 4 8 10 12 14 15 | 15.6
Dodging        | 6 9 10 11 | 11.4
Evocations     | 2 3 |  3.5

Action                   |  1- 3 |  4- 6 |  7- 9 | 10-12 | 13-15 | 16-18 || total
-------------------------+-------+-------+-------+-------+-------+-------++-------
Melee: Hand axe          |    75 |    94 |   218 |       |       |       ||   387
       Headbutt          |    13 |    17 |    49 |    90 |   223 |    79 ||   471
       Battleaxe         |       |       |    73 |   447 |   860 |   236 ||  1616
       Whip              |       |       |       |    24 |    61 |    26 ||   111
Invok: Berserk           |     1 |     2 |     8 |    14 |    21 |     3 ||    49
       Trog's Hand       |     1 |       |       |     5 |    10 |     3 ||    19
       Burn Spellbooks   |       |     1 |       |     2 |     2 |       ||     5
  Use: Potion            |       |       |       |     3 |       |     4 ||     7
       Scroll            |       |       |       |       |    18 |     5 ||    23
 Stab: Confused          |       |       |       |       |       |     1 ||     1
  Eat: Chunk             |     2 |     4 |    16 |    27 |    36 |     9 ||    94
       Ration            |       |       |       |     2 |     5 |     1 ||     8
Armor: Animal skin       |     7 |       |       |       |       |       ||     7
       Leather armour    |     6 |     6 |       |       |       |       ||    12
       Chain mail        |       |    25 |   104 |    91 |       |       ||   220
       Scale mail        |       |     7 |       |       |       |       ||     7
       Plate armour      |       |       |       |   160 |   477 |   164 ||   801
       Skin              |       |       |       |       |       |    50 ||    50
Dodge: Dodged            |    56 |    54 |   111 |   185 |   608 |   266 ||  1280
